AoeStats
← Jonda

Nomad

510032049Analyzed
4v4 RM · 2d ago on Sep 29, 2026· 155m 52s· 8 players
Game mode
Random Map
Map size
231×231
Population
200
Speed
Normal
Resources
Standard
Victory
Conquest
Starting age
Dark Age
Ending age
Imperial Age
RankedLock teamsTeams togetherTeam positionsShared explorationLock speedFull tech treeHidden civsTurbo modeCheats
Victory
Defeat
🇪🇸 Mongols · Spain
825
+13
🇨🇳 Sicilians · China
802
+14
🇺🇸 Persians · United States
794
+14
🇨🇴 Spanish · Colombia
764
+15
🇺🇸 Persians · United States
845
-18
🇹🇼 Byzantines · Taiwan
835
-20
🇺🇸 Dravidians · United States
705
-12
🇺🇸 Japanese · United States
631
-9
D4RKK
8:04 Loom
15:12 Feudal Age
16:21 Double-Bit Axe
16:20 Fishing Lines
16:32 Stone Mining
19:23 Gold Mining
28:43 Castle Age
30:22 Medium Warships
34:40 Imperial Age
33:41 Bow Saw
37:39 Heavy Warships
39:51 Scale Barding Armor
39:46 Padded Archer Armor
40:28 Kamandaran
41:38 Wheelbarrow
41:38 Horse Collar
42:09 Gillnets
43:00 Crossbowman
43:45 Thumb Ring
47:14 Hand Cart
51:43 Town Watch
52:55 Elite War Elephant
54:45 Gold Shaft Mining
53:38 Heavy Cavalry Archer
55:03 Heavy Plow
56:05 Two-Man Saw
55:35 Devotion
56:15 Conscription
58:23 Crop Rotation
58:16 Husbandry
58:27 Bloodlines
57:37 Cavalier
59:41 Chain Barding Armor
59:36 Leather Archer Armor
59:32 Forging
59:22 Scale Mail Armor
60:57 Fletching
61:44 Plate Barding Armor
61:03 Fletching
61:14 Scale Mail Armor
61:24 Forging
Brianbuu
3:58 Loom
14:50 Feudal Age
17:04 Wheelbarrow
17:24 Fishing Lines
19:13 Bloodlines
19:24 Scale Barding Armor
20:48 Forging
22:40 Horse Collar
28:15 Castle Age
26:45 Stone Mining
26:47 Gold Mining
29:16 Hand Cart
29:35 Caravan
32:59 Imperial Age
30:29 Fletching
30:35 Light Cavalry
31:40 Double-Bit Axe
33:17 Murder Holes
33:43 Ballistics
33:42 Bow Saw
33:37 Heavy Plow
36:04 Conscription
36:34 Iron Casting
36:20 Chain Barding Armor
37:38 Elite Skirmisher
38:56 Bodkin Arrow
39:03 Scale Mail Armor
39:03 Padded Archer Armor
39:26 Gambesons
44:53 Pikeman
45:41 Squires
51:55 Capped Ram
55:00 Siege Ram
60:57 Supremacy
66:45 Two-Man Saw
76:28 Redemption
76:57 Thumb Ring
80:09 Redemption
129:08 Block Printing
140:32 Husbandry
153:55 Hussar
155:19 Fervor
156:31 Caravan
OvertChunk95
9:02 Loom
22:16 Feudal Age
23:43 Wheelbarrow
28:58 Castle Age
27:07 Double-Bit Axe
37:07 Horse Collar
38:08 Heavy Plow
44:34 Imperial Age
43:45 Bow Saw
45:14 Town Watch
45:47 Hand Cart
46:13 Conscription
48:01 Fletching
48:12 Padded Archer Armor
48:21 Thumb Ring
48:57 Bodkin Arrow
50:09 Bloodlines
50:00 Husbandry
51:54 Nomads
53:46 Ballistics
53:38 Gold Mining
53:39 Stone Mining
54:16 Capped Ram
55:45 Gold Shaft Mining
56:30 Chemistry
55:55 Drill
57:58 Bracer
58:13 Leather Archer Armor
60:54 Elite Mangudai
62:04 Parthian Tactics
64:27 Light Cavalry
65:14 Scale Barding Armor
65:20 Forging
72:15 Siege Ram
75:01 Iron Casting
76:46 Chain Barding Armor
80:36 Onager
92:16 Chemistry
91:23 Siege Engineers
91:15 Murder Holes
91:30 Masonry
96:12 Blast Furnace
116:47 Hussar
134:09 Guard Tower
134:33 Fortified Wall
150:44 Medium Warships
150:08 Demolition Ship
153:50 Caravan
含光
17:20 Feudal Age
18:42 Wheelbarrow
17:58 Double-Bit Axe
19:27 Fishing Lines
21:44 Stone Mining
24:30 Loom
26:46 Castle Age
27:07 Scale Mail Armor
30:02 Stone Shaft Mining
32:11 Hand Cart
31:47 Horse Collar
41:34 Bow Saw
44:10 Bow Saw
60:14 Gillnets
64:39 Pikeman
65:19 Squires
72:49 Arson
73:18 Heavy Plow
77:27 Imperial Age
96:43 Light Cavalry
97:34 Bloodlines
97:26 Husbandry
107:35 Imperial Age
111:25 Crop Rotation
114:07 Caravan
116:47 Scale Barding Armor
116:53 Forging
117:00 Chain Mail Armor
120:08 Chain Barding Armor
121:47 Iron Casting
128:27 Capped Ram
132:20 Halberdier
133:24 Siege Ram
145:23 Cavalier
151:36 Conscription
Jonda
4:42 Loom
9:16 Loom
15:44 Feudal Age
24:52 Town Watch
36:09 Castle Age
37:29 Horse Collar
50:02 Fervor
53:32 Elite Skirmisher
54:27 Fletching
58:50 Light Cavalry
62:09 Imperial Age
60:30 Bodkin Arrow
60:54 Bloodlines
60:47 Husbandry
61:58 Forging
61:55 Scale Barding Armor
63:00 Double-Bit Axe
63:46 Chain Barding Armor
62:59 Hussar
64:25 Horse Collar
67:12 Iron Casting
70:04 Wheelbarrow
72:16 Plate Barding Armor
74:06 Heavy Plow
73:38 Cavalier
75:09 Hand Cart
76:57 Blast Furnace
77:36 Caravan
77:13 Savar
79:06 Gold Mining
81:43 Town Patrol
86:56 Padded Archer Armor
88:07 Conscription
90:30 Leather Archer Armor
90:46 Bow Saw
91:09 Crop Rotation
104:26 Pikeman
105:14 Halberdier
106:47 Squires
thefriend
15:30 Feudal Age
24:02 Castle Age
40:40 Imperial Age
40:50 Imperial Age
41:40 Forging
41:31 Scale Mail Armor
42:24 Capped Ram
50:16 Double-Bit Axe
50:23 Gold Mining
52:14 Wheelbarrow
52:15 Elite Samurai
61:02 Gold Shaft Mining
66:17 Bow Saw
74:29 Iron Casting
74:10 Chain Mail Armor
74:33 Ballistics
75:14 Chemistry
73:55 Treadmill Crane
86:25 Caravan
94:07 Cavalier
110:43 Husbandry
110:53 Bloodlines
132:12 Light Cavalry
TheFox
16:56 Feudal Age
19:53 Double-Bit Axe
22:16 Castle Age
21:42 Stone Mining
26:06 Bow Saw
29:43 Fletching
29:54 Padded Archer Armor
29:21 Pikeman
30:22 Bodkin Arrow
30:34 Elite Skirmisher
30:42 Light Cavalry
32:36 Crossbowman
36:38 Imperial Age
44:14 Chemistry
87:28 Bracer
87:44 Leather Archer Armor
130:00 Siege Elephant
a0986101524
15:08 Feudal Age
13:56 Loom
18:21 Double-Bit Axe
23:18 Castle Age
21:55 Wheelbarrow
24:24 Gold Mining
24:24 Stone Mining
27:02 Medium Warships
32:42 Hand Cart
33:28 Bow Saw
33:55 Gold Shaft Mining
33:56 Stone Shaft Mining
38:03 Imperial Age
39:13 Heavy Warships
40:49 Two-Man Saw
41:26 Ballistics
42:07 Chemistry
42:31 Fletching
42:41 Padded Archer Armor
48:32 Forging
48:22 Scale Mail Armor
47:50 Pikeman
48:31 Squires
48:16 Arson
48:17 Gambesons
48:57 Conscription
49:48 Iron Casting
48:56 Halberdier
51:05 Bodkin Arrow
51:26 Leather Archer Armor
50:44 Elite Skirmisher
52:09 Bracer
53:55 Thumb Ring
70:38 Ring Archer Armor
70:24 Chain Mail Armor
80:32 Scale Barding Armor
80:57 Plate Mail Armor
82:50 Chain Barding Armor
84:41 Plate Barding Armor
100:41 Heavy Camel Rider
101:22 Husbandry
110:09 Crossbowman
112:44 Arbalester
Connection lost

Rejoining the realm…

Still unreachable

The connection could not be restored.

Session expired

The server has moved on; the page needs a fresh start.